 Dungeon Crawl Stone Soup version 0.23.1-37-gaa34b87b72 (webtiles) character file.

Game seed: 7210760391298933216

3882 Norn the Slinger (level 10, -2/69 HPs)
             Began as a Halfling Hunter on Mar 25, 2019.
             Was a Believer of Okawaru.
             Slain by a meliai zombie (6 damage)
             ... on level 14 of the Dungeon.
             The game lasted 00:24:50 (7375 turns).

Norn the Slinger (Halfling Hunter)                  Turns: 7375, Time: 00:24:51

Health: -2/69      AC:  6    Str: 13    XL:     10   Next: 42%
Magic:  12/12      EV: 21    Int: 12    God:    Okawaru [**....]
Gold:   319        SH:  0    Dex: 22    Spells: 7/9 levels left

rFire    . . .     SeeInvis .   D - +11 dagger of Floods {speed, rN+ Dex+2}
rCold    . . .     Gourm    .   (shield restricted)
rNeg     + . .     Faith    .   B - +0 leather armour
rPois    .         Spirit   .   (no helmet)
rElec    .         Reflect  .   S - +1 cloak
rCorr    .         Harm     .   (no gloves)
MR       .....                  Q - +0 pair of boots
Stlth    ++........             (no amulet)
HPRegen  0.21/turn              k - +5 ring of slaying
MPRegen  0.13/turn              r - +4 ring of dexterity

@: no status effects
A: small, mutation resistance 1
a: Heroism, Renounce Religion


You were on level 14 of the Dungeon.
You worshipped Okawaru.
Okawaru was pleased with you.
You were not hungry.

You visited 2 branches of the dungeon, and saw 12 of its levels.
You also visited: Ossuary.

You collected 319 gold pieces.

Inventory:

Hand Weapons
 a - a +2 hunting sling
 b - a +0 short sword
 D - the +11 dagger of Floods (weapon) {speed, rN+ Dex+2}
   (You found it on level 4 of the Dungeon)

   Attacks with this weapon are significantly faster.
   It affects your dexterity (+2).
   It protects you from negative energy.
 L - the +9 trident "Xokhlolesch" {flame, rN+, unknown}
   (You found it on level 6 of the Dungeon)

   It has been specially enchanted to burn those struck by it, causing extra
   injury to most foes and up to half again as much damage against particularly
   susceptible opponents.
   It protects you from negative energy.
 O - a +1 dagger of venom
   (You took it off an orc wizard on level 7 of the Dungeon)
 R - a +0 falchion
   (You took it off a wight on level 7 of the Dungeon)
 U - a +0 blowgun
   (You took it off a kobold on level 8 of the Dungeon)
Missiles
 d - 60 sling bullets
 h - 94 stones (quivered)
 V - 2 poisoned needles
Armour
 B - a +0 leather armour (worn)
 Q - a +0 pair of boots (worn)
   (You found it on level 3 of the Dungeon)
 S - a +1 cloak (worn)
   (You found it on level 2 of the Dungeon)
Jewellery
 k - a +5 ring of slaying (left hand)
   (You found it on level 1 of the Dungeon)
 r - a +4 ring of dexterity (right hand)
   (You found it on level 2 of the Dungeon)
 y - an uncursed ring of stealth
   (You found it on level 3 of the Dungeon)
Wands
 c - a wand of disintegration (15)
   (You found it on level 4 of the Dungeon)
 t - a wand of flame (15)
   (You found it on level 4 of the Dungeon)
 v - a wand of digging (4)
   (You found it on level 7 of the Dungeon)
 x - a wand of acid (8)
   (You found it on level 7 of the Dungeon)
 J - a wand of enslavement (12)
   (You found it on level 7 of the Dungeon)
Scrolls
 f - 3 scrolls of enchant weapon
 i - 5 scrolls of enchant armour
 m - a scroll of brand weapon {unknown}
 n - 10 scrolls of remove curse {@r2}
 p - 2 scrolls of teleportation {@r4}
 w - a scroll of fear
 F - a scroll of amnesia
 K - a scroll of noise {unknown}
 N - 3 scrolls of identify {@r1}
Potions
 g - a potion of brilliance {unknown}
 j - a potion of invisibility {unknown}
 l - a potion of haste {@q3}
 o - a potion of experience {unknown}
 q - 3 potions of lignification {!q}
 s - a potion of heal wounds {unknown}
 u - a potion of ambrosia {unknown}
 z - 5 potions of degeneration {!q}
 A - 4 potions of curing {unknown}
 C - a potion of agility
 E - a potion of magic {unknown}
 H - a potion of mutation {unknown}
 M - 8 potions of might {unknown}
 P - a potion of resistance {unknown}
Comestibles
 e - 23 rations {!d}


   Skills:
 + Level 6.3 Fighting
 - Level 13.0 Slings
 + Level 7.6 Dodging
 - Level 1.1 Stealth
 + Level 6.3 Translocations
 + Level 2.7 Invocations


You had 7 spell levels left.
You knew the following spells:

 Your Spells              Type           Power        Failure   Level  Hunger
b - Blink                 Tloc           N/A          4%          2    ###....

Your spell library contained the following spells:

 Spells                   Type           Power        Failure   Level  Hunger
 Gell's Gravitas          Tloc           ###.......   10%         3    ####...
 Confusing Touch          Hex            #.....       38%         1    ##.....
 Magic Dart               Conj           #...         38%         1    ##.....
 Call Imp                 Summ           #.......     54%         2    ###....
 Slow                     Hex            #.......     54%         2    ###....
 Confuse                  Hex            #.......     77%         3    ####...
 Conjure Flame            Conj/Fire      #.......     77%         3    ####...
 Mephitic Cloud           Conj/Pois/Air  #.......     77%         3    ####...
 Petrify                  Tmut/Erth      #.......     99%         4    #####..
 Metabolic Englaciation   Hex/Ice        #.........   100%        5    ######.
 Yara's Violent Unravell  Hex/Tmut       #.........   100%        5    ######.


Dungeon Overview and Level Annotations

Branches:
Dungeon (14/15)            Temple (1/1) D:7
   Lair: D:8-11         Orc: D:9-12      Vaults: D:13-14

Altars:
Ashenzari
Cheibriados
Dithmenos
Elyvilon
Fedhas
Gozag
Hepliaklqana
Kikubaaqudgha
Makhleb
Nemelex Xobeh
Okawaru
Qazlal
Sif Muna
Trog
Uskayaw
Vehumet
Wu Jian
Xom
Yredelemnul
Zin
The Shining One

Shops:
D:4 *   D:8 (

Portals:
Trove: D:14 (give +5 ice dragon scales)

Annotations:
D:3 1 runed translucent door, Crazy Yiuf
D:5 2 runed translucent doors, Teps's ghost, amateur MiBe


Innate Abilities, Weirdness & Mutations

You are small and have problems with some larger weapons.
You are somewhat resistant to further mutation.


Message History

The centaur warrior shoots an arrow.
The arrow closely misses you.
As you read the scroll of fear, it crumbles to dust.
You assume a fearsome visage.
The centaur warrior looks frightened!
You see here an arrow.
There is a stone staircase leading down here.
You climb downwards.
There is a stone staircase leading up here.
You start resting.
The meliai zombie is too close now for your liking.
You climb upwards.
There is a stone staircase leading down here.
You start resting.
All of the chunks of flesh in your inventory have rotted away.
The centaur warrior is too close now for your liking.
The centaur warrior shoots an arrow.
The arrow closely misses you.
You climb downwards.
There is a stone staircase leading up here.
You are too injured to fight recklessly!
You are too injured to fight recklessly!
Firing (i - inventory. (/) - cycle)
h - 98 stones (quivered)
Aim: a meliai zombie (hasn't noticed you)
You shoot a stone. The stone hits the meliai zombie!
Firing (i - inventory. (/) - cycle)
h - 97 stones (quivered)
Aim: a meliai zombie (lightly damaged)
You shoot a stone. The stone hits the meliai zombie.
Firing (i - inventory. (/) - cycle)
h - 96 stones (quivered)
Aim: a meliai zombie (moderately damaged)
You shoot a stone. The stone hits the meliai zombie!
Firing (i - inventory. (/) - cycle)
h - 95 stones (quivered)
Aim: a meliai zombie (moderately damaged)
You shoot a stone. The stone hits the meliai zombie.
The meliai zombie misses you. The meliai zombie hits you.
* * * LOW HITPOINT WARNING * * *
Wield which item (- for none, * to show all)? (? for menu, Esc to quit)
That's the wrong kind of item! (Use * to select it.) Wield which item (- for none, * to show all)? (? for menu, Esc to quit)
Your hands tingle!
D - the +11 dagger of Floods (weapon)
{speed, rN+ Dex+2} The meliai zombie completely misses you.
The meliai zombie closely misses you.
You puncture the meliai zombie! The meliai zombie misses you.
The meliai zombie barely misses you.
You barely miss the meliai zombie. The meliai zombie hits you.
* * * LOW HITPOINT WARNING * * *
The meliai zombie closely misses you.
You puncture the meliai zombie!
The meliai zombie closely misses you. x2
The meliai zombie hits you.
* * * LOW HITPOINT WARNING * * *
The meliai zombie hits you.
You die...

############### #§C§§§§YC......
#§############# #.# *,,,*
********######### #.# *,,,*
,,,,,,**..$.....# #.# ***,,,****
,,,,,,**........###.# *,,,,,,,,*
,,,,,,**.......Z@.#.# *,,,,,,,,,
,,,,,,**......(.###.# *,,,,,,,,,
,,,,,,**##.#.(...##Y# *,,,,,,,,,
,,,,,,* *,#.###.##§# *,,,,,,,,,
,,,,,,* #.#+###.##.# *,,,,,,,,,
+********#.....ZY##.####,,,,,,,,,
,,,,,,,,,$.............+,,,,,,,,,
,*,,,,,,,........##.####,,,,,,,,,
,*,******#.......##.#***********,


You could see a meliai zombie.

Vanquished Creatures
  A centaur skeleton (D:11)
  A kobold demonologist (D:11)
  A troll (D:13)
  An acid dragon (D:13)
  2 orc warriors
  2 ice beasts
  A sky beast (D:5)
  An ogre (D:5)
  A necrophage (D:5)
  3 centaurs
  A big kobold (D:8)
  3 elf zombies (Ossuary)
  3 bullfrogs
  10 wights
  A howler monkey (D:5)
  3 crimson imps
  A centaur zombie (Ossuary)
  9 orc wizards
  6 orc priests
  2 hounds
  2 iguanas
  7 worker ants
  Natasha (thrice) (D:3)
  A killer bee zombie (D:8)
  A big kobold zombie (Ossuary)
  A hound skeleton (D:6)
  3 mummies
  6 adders
  A shadow imp (D:7)
  An ooze (D:1)
  2 adder zombies
  2 adder skeletons (D:2)
  5 worms
  A dart slug (D:2)
  3 leopard geckos
  25 orcs
  5 bats
  18 giant cockroaches
  5 goblins
  11 hobgoblins
  8 jackals
  12 kobolds
  2 quokkas
  A ball python zombie (D:5)
  3 frilled lizards
  A goblin zombie (Ossuary)
  9 hobgoblin zombies
  2 jackal zombies
  12 kobold zombies (Ossuary)
  A leopard gecko skeleton (D:2)
  A leopard gecko zombie (D:6)
  8 orc zombies
  2 quokka skeletons
  8 rats
  2 rat zombies (Ossuary)
228 creatures vanquished.

Notes
Turn   | Place    | Note
-------+----------+-------------------------------------------
     0 | D:1      | Norn the Halfling Hunter began the quest for the Orb.
     0 | D:1      | Reached XP level 1. HP: 14/14 MP: 1/1
    71 | D:1      | Reached skill level 6 in Slings
    71 | D:1      | Reached XP level 2. HP: 18/19 MP: 2/2
   403 | D:1      | Reached XP level 3. HP: 24/24 MP: 3/3
  1094 | D:2      | Reached XP level 4. HP: 30/30 MP: 4/4
  1157 | D:2      | Reached skill level 7 in Slings
  1509 | D:3      | Noticed Natasha
  1634 | D:3      | Killed Natasha
  1634 | D:3      | Reached XP level 5. HP: 35/35 MP: 5/5
  1776 | D:3      | Noticed Natasha
  1782 | D:3      | Killed Natasha
  1822 | D:3      | Found a runed translucent door.
  1823 | D:3      | Noticed Crazy Yiuf
  2198 | D:3      | Noticed Natasha
  2202 | D:3      | Killed Natasha
  2202 | D:3      | Reached skill level 8 in Slings
  2202 | D:3      | Reached XP level 6. HP: 42/42 MP: 6/6
  2574 | D:4      | Found Gakkaiq's Assorted Antiques.
  2857 | D:4      | Got a smoking dagger
  2874 | D:5      | Entered Level 5 of the Dungeon
  2922 | D:5      | Learned a level 2 spell: Blink
  2954 | D:5      | Noticed a necrophage
  2964 | D:5      | Killed a necrophage
  2964 | D:5      | Reached skill level 9 in Slings
  2964 | D:5      | Reached XP level 7. HP: 46/46 MP: 7/7
  2984 | D:5      | Reached skill level 1 in Translocations
  3122 | D:5      | Found a large runed translucent door.
  3125 | D:5      | Found a large runed translucent door.
  3132 | D:5      | Noticed Teps's ghost (amateur MiBe)
  3180 | D:5      | Reached XP level 8. HP: 54/54 MP: 8/8
  3237 | D:5      | Reached skill level 10 in Slings
  3356 | D:5      | Reached skill level 5 in Dodging
  3910 | D:6      | Got a jewelled trident
  3957 | D:6      | Found an opulent altar of Gozag.
  3958 | D:6      | Found a hazy altar of Hepliaklqana.
  3958 | D:6      | Found a sparkling altar of Nemelex Xobeh.
  4057 | D:6      | Reached skill level 11 in Slings
  4069 | D:6      | Reached XP level 9. HP: 45/59 MP: 9/9
  4676 | D:7      | Found a sand-covered staircase.
  4690 | Ossuary  | Entered an ossuary
  4696 | Ossuary  | Reached skill level 5 in Fighting
  5087 | Ossuary  | Reached skill level 12 in Slings
  5168 | D:7      | Identified the +11 dagger of Floods {speed, rN+ Dex+2} (You
                  | found it on level 4 of the Dungeon)
  5225 | D:7      | Found a shattered altar of Ashenzari.
  5411 | D:7      | Found a staircase to the Ecumenical Temple.
  5452 | Temple   | Entered the Ecumenical Temple
  5690 | D:7      | Found an iron altar of Okawaru.
  5690 | D:7      | Found an ornate altar of the Wu Jian Council.
  5690 | D:7      | Found a shadowy altar of Dithmenos.
  5726 | D:7      | Became a worshipper of Warmaster Okawaru
  6281 | D:8      | Reached skill level 5 in Translocations
  6487 | D:8      | Found Eppav's Antique Weapon Shoppe.
  6588 | D:8      | Found a hide-covered altar of Uskayaw.
  6644 | D:8      | You fall through a shaft for 3 floors!
  6656 | D:11     | Noticed a kobold demonologist
  6662 | D:11     | Noticed a red devil
  6663 | D:11     | Killed a kobold demonologist
  6663 | D:11     | Reached * piety under Okawaru
  6663 | D:11     | Reached XP level 10. HP: 68/68 MP: 10/10
  6672 | D:11     | Reached skill level 13 in Slings
  6754 | D:11     | Reached skill level 1 in Invocations
  6829 | D:11     | Reached ** piety under Okawaru
  6876 | D:11     | You fall through a shaft for 3 floors!
  6884 | D:14     | Found a portal to a secret trove of treasure.
  6917 | D:14     | Found a deep blue altar of Sif Muna.
  7318 | D:13     | Noticed a centaur warrior
  7375 | D:14     | Slain by a meliai zombie

Skill      XL: |  1  2  3  4  5  6  7  8  9 10 |
---------------+-------------------------------+-----
Fighting       | 2 3 4 5 6 |  6.3
Slings         | 6 7 8 9 11 12 13 | 13.0
Dodging        | 3 4 5 6 7 |  7.6
Translocations | 2 3 5 6 |  6.3
Invocations    | 2 |  2.7
Stealth        | |  1.1

Action                   |  1- 3 |  4- 6 |  7- 9 | 10-12 || total
-------------------------+-------+-------+-------+-------++-------
Melee: Short sword       |    17 |     4 |       |       ||    21
       Dagger            |       |       |    17 |    20 ||    37
       Hunting sling     |       |       |     1 |       ||     1
 Fire: Hunting sling     |    80 |   195 |   408 |    90 ||   773
  Use: Scroll            |       |     5 |     1 |    11 ||    17
 Stab: Sleeping          |       |       |     1 |       ||     1
  Eat: Chunk             |       |     5 |     7 |     3 ||    15
       Ration            |       |       |     1 |     1 ||     2
Armor: Leather armour    |     5 |    13 |    11 |     4 ||    33
Dodge: Dodged            |    24 |    40 |    58 |    25 ||   147
